 Dungeon Crawl Stone Soup version 0.31-a0-986-g5e6e4ef867 (webtiles) character file.

Game seed: 11125962723574252616

343 voltaire321 the Conjurer (level 6, 0/46 HPs)
             Began as a Demonspawn Conjurer on Nov 12, 2023.
             Slain by a sky beast (2 damage)
             ... on level 4 of the Dungeon.
             The game lasted 00:11:50 (4072 turns).

voltaire321 the Conjurer (Demonspawn Conjurer)      Turns: 4072, Time: 00:11:50

Health: 0/46       AC:  3    Str:  9    XL:     6   Next: 31%
Magic:  4/10       EV: 13    Int: 20    God:
Gold:   166        SH:  0    Dex: 20    Spells: 5/11 levels left

rFire   . . .        w - +2 short sword of Doubt {freeze, rPois Dex+3}
rCold   + . .        (no shield)
rNeg    . . .        a - +0 robe
rPois   +            (helmet restricted)
rElec   .            (no cloak)
rCorr   .            (no gloves)
SInv    .            A - +0 pair of boots
Will    .....        x - amulet of Wuuffoq {RegenMP rC+}
Stlth   ++           c - +6 ring of dexterity
HPRegen 0.27/turn    (no ring)
MPRegen 0.52/turn

%: no passive effects
@: no status effects
A: antennae 1, foul stench 1, weakness stinger 1
a: no special abilities


You were on level 4 of the Dungeon.
You visited 1 branch of the dungeon, and saw 4 of its levels.

You collected 166 gold pieces.

Inventory:

Hand Weapons
 s - a +2 quarterstaff of draining
 w - the +2 short sword of Doubt (weapon) {freeze, rPois Dex+3}
   (You found it on level 4 of the Dungeon)

   Dex+3:     It affects your dexterity (+3).
   rPois:     It protects you from poison
 z - a +0 rapier
Missiles
 n - 3 throwing nets
Armour
 a - a +0 robe (worn)
 A - a +0 pair of boots (worn)
Magical Staves
 f - a staff of cold
 g - a staff of fire
Jewellery
 c - a +6 ring of dexterity (left hand)
 v - a ring of ice
 x - the amulet of Wuuffoq (around neck) {RegenMP rC+}
   (You found it on level 4 of the Dungeon)

   [amulet of magic regeneration]

   RegenMP:   It increases your rate of magic regeneration.
   rC+:       It protects you from cold.
Wands
 u - a wand of acid (7)
Scrolls
 h - 2 scrolls of revelation {unknown}
 i - 3 scrolls of identify {unknown}
 o - a scroll of silence {unknown}
 p - a scroll of teleportation {unknown}
 q - a scroll of vulnerability {unknown}
 r - a scroll of amnesia {unknown}
 y - a scroll of immolation {unknown}
Potions
 b - a potion of magic
 d - a potion of brilliance {unknown}
 e - 4 potions of heal wounds {unknown}
 j - a potion of haste {unknown}
 k - a potion of ambrosia {unknown}
 l - a potion of degeneration {unknown}
 m - a potion of mutation {unknown}
 t - 2 potions of curing {unknown}


   Skills:
 + Level 2.5 Fighting
 + Level 0.2 Short Blades
 + Level 2.3 Armour
 + Level 3.1 Dodging
 + Level 1.7 Stealth
 + Level 3.2 Spellcasting
 + Level 4.9 Conjurations


You had 5 spell levels left.
You knew the following spells:

 Your Spells              Type           Power      Damage    Failure   Level
a - Magic Dart            Conj           92%        1d7       1%          1
b - Searing Ray           Conj           46%        2d6       2%          2
c - Dazzling Flash        Conj/Hex       26%        N/A       16%         3

Your spell library contained the following spells:

 Spells                   Type           Power      Damage    Failure   Level
 Call Imp                 Summ           6%         N/A       22%         2
 Mephitic Cloud           Conj/Pois/Air  9%         N/A       22%         3
 Fulminant Prism          Conj/Hex       6%         3d7       45%         4
 Iskenderun's Mystic Bla  Conj/Tloc      13%        2d5       45%         4


Dungeon Overview and Level Annotations

Branches:
Dungeon (4/15)
 Temple: D:4-7

Altars:
Makhleb


Innate Abilities, Weirdness & Mutations

You have a pair of small antennae on your head.
You may rarely emit foul miasma when damaged in melee.
You have a small tail.


Message History

The searing ray hits something! (Press . to maintain the ray.)
Something hits you but does no damage. Something hits you but does no damage.
Something hits you. Something shocks you.
The searing ray hits something.
You finish channelling your searing ray.
Something hits you. Something shocks you.
Casting: Searing Ray (safe; 2% risk of failure)
Confirm with . or Enter, or press ? or * to list all spells.
Aiming: Searing Ray (safe; 2% risk of failure)
Press: ? - help, Shift-Dir - straight line, f - you
Okay, then.
Casting: Searing Ray (safe; 2% risk of failure)
Confirm with . or Enter, or press ? or * to list all spells.
Aiming: Searing Ray (safe; 2% risk of failure)
Press: ? - help, Shift-Dir - straight line (Press . to maintain the ray.)
Something hits you. Something shocks you.
* * * LOW HITPOINT WARNING * * *
Something hits you but does no damage. Something hits you but does no damage.
You finish channelling your searing ray.
Something hits you but does no damage.
You closely miss something. Something hits you but does no damage.
You barely miss something. Something hits you.
* * * LOW HITPOINT WARNING * * *
Something shocks you.
* * * LOW HITPOINT WARNING * * *
You hit something but do no damage. You tail-slap something.
Something hits you but does no damage.
Casting: Searing Ray (safe; 2% risk of failure)
Confirm with . or Enter, or press ? or * to list all spells.
Aiming: Searing Ray (safe; 2% risk of failure)
Press: ? - help, Shift-Dir - straight line The searing ray hits something! (Press . to maintain the ray.)
Something hits you but does no damage. Something hits you.
You die...

#.# #.# #.#
#.# #.# #.#
#.#
#.###########
#....@{......
#############


There were no monsters in sight!

Vanquished Creatures
  Blork the orc (D:4)
  A jelly (D:4)
  3 hounds (D:4)
  A sleepcap (D:4)
  3 gnolls (D:2)
  3 adders
  3 worms
  5 bats
  10 endoplasms
  5 giant cockroaches
  5 goblins
  9 hobgoblins
  4 jackals (D:4)
  5 kobolds
  2 quokkas
  3 ball pythons
  2 frilled lizards
  5 rats
70 creatures vanquished.

Notes
Turn   | Place    | Note
-------+----------+-------------------------------------------
     0 | D:1      | voltaire321 the Demonspawn Conjurer began the quest for the
                  | Orb.
     0 | D:1      | Reached XP level 1. HP: 13/13 MP: 3/3
   295 | D:1      | Gained mutation: You may rarely emit foul miasma when
                  | damaged in melee. [demonic ancestry]
   295 | D:1      | Reached XP level 2. HP: 20/20 MP: 0/5
   619 | D:1      | Found a faded altar of an unknown god.
   624 | D:1      | Learned a level 2 spell: Searing Ray
  1368 | D:2      | Reached skill level 1 in Fighting
  1430 | D:2      | Reached XP level 3. HP: 26/26 MP: 2/6
  1549 | D:2      | Reached skill level 1 in Armour
  1745 | D:2      | HP: 1/26 [gnoll/+0 halberd (3)]
  1851 | D:2      | Reached XP level 4. HP: 32/32 MP: 2/7
  3007 | D:3      | Found a faded altar of an unknown god.
  3011 | D:3      | Found a burning altar of Makhleb.
  3189 | D:4      | Discovered your monstrous ancestry.
  3189 | D:4      | Gained mutation: You have a pair of small antennae on your
                  | head. [demonic ancestry]
  3189 | D:4      | Reached XP level 5. HP: 19/38 MP: 3/9
  3501 | D:4      | Noticed Blork the orc
  3507 | D:4      | Killed Blork the orc
  3522 | D:4      | Gained mutation: You have a small tail. [demonic ancestry]
  3522 | D:4      | Reached XP level 6. HP: 14/46 MP: 2/10
  3652 | D:4      | Identified the +2 short sword of Doubt {freeze, rPois
                  | Dex+3}
  3658 | D:4      | Identified the amulet of Wuuffoq {RegenMP rC+}
  4024 | D:4      | Noticed a sky beast
  4035 | D:4      | Learned a level 3 spell: Dazzling Flash
  4069 | D:4      | HP: 2/46 [something (6)]
  4072 | D:4      | Slain by a sky beast

Illustrated notes

Levels and vault maps discovered:
D:1:      kennysheep_arrival_seaside, layout_rooms, basic_ecumenical_altar,
          minmay_misc_feat_x, kennysheep_decorative_pillar
D:2:      layout_basic
D:3:      layout_basic, nicolae_overflow_ecumenical_swirl
D:4:      layout_basic, uniq_blork_the_orc

Skill      XL: |  1  2  3  4  5 |
---------------+----------------+-----
Dodging        | 2 3 |  3.1
Fighting       | 1 2 |  2.5
Armour         | 1 2 |  2.3
Spellcasting   | 3 |  3.2
Short Blades   | |  0.2
Stealth        | |  1.7
Conjurations   | |  4.9

Action                     |  1- 3 |  4- 6 || total
---------------------------+-------+-------++-------
  Melee: Short sword       |    13 |    15 ||    28
         Unarmed           |     1 |       ||     1
         Quarterstaff      |       |    38 ||    38
         Tailslap          |       |     3 ||     3
   Cast: Magic Dart        |    79 |    44 ||   123
         Searing Ray       |     1 |    10 ||    11
   Stab: Sleeping          |       |     2 ||     2
 Armour: Robe              |    10 |    54 ||    64
  Dodge: Dodged            |     9 |    33 ||    42

Table legend: (Time is in decaauts)
 A = Elapsed time spent in this place.
 B = Non-inter-level travel time spent in this place.
 C = Inter-level travel time spent in this place.
 D = Time resting spent in this place.
 E = Time spent auto-exploring this place.
 F = Levels seen in this place.
 G = Mean time per level.
                   A        B        C        D        E       F      G
               +--------+--------+--------+--------+--------+-----+--------+
         Total |   4082 |   3988 |     94 |    835 |   2412 |   4 | 1020.5 |
       Dungeon |   4082 |   3988 |     94 |    835 |   2412 |   4 | 1020.5 |
               +--------+--------+--------+--------+--------+-----+--------+

Top non-repeatable levels by time:
     D:2: 1201 daAuts
     D:1: 1148 daAuts
     D:4: 1003 daAuts
     D:3: 730 daAuts
